[Event "HUN-chT Youth 2019"]
[Site "Budapest"]
[Date "2019.10.29"]
[Round "6.2"]
[White "Leszko, Bence"]
[Black "Pasztor, Balazs"]
[Result "1/2-1/2"]
[ECO "A06"]
[WhiteElo "2201"]
[BlackElo "2152"]
[Annotator "RC"]
[PlyCount "129"]
[EventDate "2019.10.26"]
[EventType "team-tourn"]
[EventCountry "HUN"]
[SourceTitle "playchess.com"]
[Source "ChessBase"]
[SourceQuality "1"]
[TimeControl "5400+30"]

1. Nf3 d5 2. e3 Nf6 3. c4 e6 4. Nc3 c5 5. cxd5 Nxd5 6. Qc2 Nc6 7. a3 Nxc3 8. Qxc3 Qa5 9. Qc2 Be7 10. Be2 O-O 11. O-O Bf6 12. d3 Qb6 13. Rb1 Bd7 14. Bd2 Rac8 15. Bc3 e5 16. Nd2 Be6 17. Nc4 Qc7 18. Bf3 b5 19. Bxc6 bxc4 20. Bb5 cxd3 21. Bxd3 g6 22. Rbc1 Qb6 23. Qe2 c4 24. Be4 Bg7 25. Rfd1 Rfd8 26. Rxd8+ Rxd8 27. Rd1 f5 28. Bc2 e4 29. Rxd8+ Qxd8 30. Bxg7 Kxg7 31. Qd1 Qxd1+ 32. Bxd1 Kf6 33. Kf1 Ke5 34. g3 a5 35. Ke1 Bd7 36. Kd2 Kd5 37. Kc3 Kc5 38. Be2 Be6 39. h4 h6 40. Bd1 Bd7 41. Bc2 g5 42. hxg5 hxg5 43. g4 Be6 44. gxf5 Bxf5 45. Bd1 Bd7 46. Bh5 Be6 47. Bg6 Kd5 48. Bh7 Ke5 49. Bg6 Kd5 50. Bh5 Kc5 51. Be8 Kd5 52. Bg6 Ke5 53. Bh5 Kd5 54. Be2 Kc5 55. Bd1 Bf7 56. Bc2 Bd5 57. Bb1 Bc6 58. Bc2 Bd5 59. Ba4 Be6 60. Be8 Kd5 61. Bh5 Kc5 62. Bg6 Kd5 63. b4 cxb3 64. Kxb3 Bd7 65. Kc3 1/2-1/2

[Event "HUN-chT Youth 2019"]
[Site "Budapest"]
[Date "2019.10.29"]
[Round "6.2"]
[White "Bodrogi, Bendeguz"]
[Black "Szuhorukov, Marcell"]
[Result "1-0"]
[ECO "E72"]
[WhiteElo "1903"]
[BlackElo "1384"]
[Annotator "NA RC"]
[PlyCount "74"]
[EventDate "2019.10.26"]
[EventType "team-tourn"]
[EventCountry "HUN"]
[SourceTitle "playchess.com"]
[Source "ChessBase"]
[SourceQuality "1"]
[TimeControl "5400+30"]

1. c4 Nf6 2. Nc3 g6 3. e4 d6 4. d4 Bg7 5. g3 O-O 6. Bg2 Nbd7 7. Nge2 e5 8. O-O exd4 9. Nxd4 Ne5 10. b3 Ned7 11. Bb2 Re8 12. Re1 Nc5 13. Qc2 Nfd7 14. Rad1 a5 15. Ncb5 h5 16. a3 h4 17. b4 axb4 18. axb4 Na6 19. Qb3 Ne5 20. Nf3 Nxf3+ 21. Bxf3 hxg3 22. hxg3 Bxb2 23. Qxb2 Be6 24. Qc3 Qg5 25. e5 Bg4 26. Bxg4 Qxg4 27. exd6 Rad8 28. Rxe8+ Rxe8 29. Rd4 Qf5 30. dxc7 Qb1+ 31. Kg2 Kf8 32. Rf4 Nxb4 33. Qh8+ Ke7 34. Qxe8+ Kxe8 35. c8=Q+ Ke7 36. Qc7+ Ke6 37. Qxf7+ Ke5 1-0

[Event "HUN-chT Youth 2019"]
[Site "Budapest"]
[Date "2019.10.28"]
[Round "6.3"]
[White "Meszaros, Jazmin"]
[Black "Onodi, Miklos"]
[Result "*"]
[ECO "B20"]
[WhiteElo "1171"]
[BlackElo "1548"]
[Annotator "NA RC"]
[PlyCount "37"]
[EventDate "2019.10.26"]
[EventType "team-tourn"]
[EventCountry "HUN"]
[SourceTitle "playchess.com"]
[Source "ChessBase"]
[SourceQuality "1"]
[TimeControl "5400+30"]

1. e4 c5 2. d4 cxd4 3. Qxd4 Nc6 4. Qd1 g6 5. Nf3 Bg7 6. Be2 Nf6 7. O-O Nxe4 8. Bd3 Nf6 9. Bg5 O-O 10. Bxf6 Bxf6 11. Qd2 Bxb2 12. Qh6 Bg7 13. Qh3 d5 14. Qh4 e6 15. Qxd8 Rxd8 16. Nc3 Bxc3 17. Rad1 e5 18. Be2 Nd4 19. Nxd4 *

[Event "HUN-chT Youth 2019"]
[Site "Budapest"]
[Date "2019.10.29"]
[Round "6.4"]
[White "Daroczi, Donat"]
[Black "Kovacs, Gabor Etele"]
[Result "1-0"]
[ECO "B03"]
[WhiteElo "1976"]
[BlackElo "2053"]
[Annotator "NA RC"]
[PlyCount "79"]
[EventDate "2019.10.26"]
[EventType "team-tourn"]
[EventCountry "HUN"]
[SourceTitle "playchess.com"]
[Source "ChessBase"]
[SourceQuality "1"]
[TimeControl "5400+30"]

1. e4 Nf6 2. e5 Nd5 3. d4 d6 4. c4 Nb6 5. exd6 cxd6 6. Nc3 g6 7. Be3 Bg7 8. Rc1 O-O 9. b3 Bf5 10. Bd3 {[%emt 0:00:05] B03: Alekhine's Defence: Four Pawns Attack} (10. Be2 d5 11. c5 Nc8 12. Bf3 e6 13. g4 Be4 14. Nxe4 dxe4 15. Bxe4 Nc6 16. Ne2 N8e7 17. O-O Qd7 {1-0 (34) Corrales Jimenez,F (2559)-Zhao,J (2610) chess.com INT 2019}) 10... Bxd3 11. Qxd3 e5 12. Nge2 Nc6 13. O-O f5 $146 ({Predecessor:} 13... Qe7 14. d5 Nb4 15. Qb1 f5 16. f3 a5 17. Bxb6 {1-0 (17) Sherwood,R (1655)-Bossi,N (1418) LSS email 2010}) 14. dxe5 dxe5 15. Qb1 Nd4 16. Bxd4 exd4 17. Rfd1 Qh4 {[%emt 0:18:11] [#]} 18. Nb5 $1 Rad8 19. c5 Nc8 (19... a6 $14) 20. Rc4 ({White should play} 20. Qc2 $16) 20... Rd7 21. g3 ({Much weaker is} 21. Nexd4 Rfd8 $15) 21... Qe7 (21... Qe4 $11 22. Qxe4 (22. Nexd4 Qxb1 23. Rxb1 a6 $15) (22. Nbxd4 Rfd8 $15) 22... fxe4) 22. Qd3 ({Of course not} 22. Nexd4 a6 $11) (22. Nbxd4 $16 Re8 23. Qc2) 22... Rfd8 23. b4 ({Of course not} 23. Nbxd4 b5 $15) ({White should try} 23. c6 $14 bxc6 24. Rxc6) 23... a6 24. Nbxd4 (24. Na3 $11) 24... Na7 25. Qe3 Nc6 26. Kf1 $2 (26. Re1 $1 $11) 26... Qf6 $2 (26... Qf7 $19 27. Qc3 Rxd4 28. Rdxd4 Nxd4 29. Rxd4 Bxd4 30. Nxd4 Qxa2) 27. Kg2 $2 ({Wrong is} 27. Qb3 $2 Qf7 $19) (27. Rd2 $1 $11) 27... Nxd4 28. Nxd4 Rxd4 $2 (28... f4 $19 29. Qb3 Qf7) 29. Rcxd4 Rxd4 30. Re1 $2 (30. Rxd4 $11 Qxd4 31. Qe6+ Kf8 32. Qc8+ {[%mdl 64] Double Attack} Kf7 33. Qxb7+ Kg8 34. Qxa6) 30... Qc6+ 31. Kg1 Rxb4 32. Rd1 {[#]} Bd4 $1 {[%emt 0:01:53] Back Rank} 33. Qe7 Qxc5 34. Qd8+ Kg7 35. Rd2 {[%emt 0:00:48] [#]} Rb1+ $2 (35... Bxf2+ $1 $19 36. Kg2 (36. Rxf2 Rb2) 36... Rd4 37. Rxd4 Bxd4) 36. Kg2 Qc6+ 37. Kh3 $1 Bf6 (37... Re1 $15) 38. Rd7+ {[%emt 0:00:01] [#]} Kh6 $2 (38... Qxd7 $1 $14 39. Qxd7+ Kg8) 39. Qf8+ Bg7 40. Qxg7+ {[%emt 0:00:09] Double Attack} 1-0

[Event "HUN-chT Youth 2019"]
[Site "Budapest"]
[Date "2019.10.29"]
[Round "6.4"]
[White "Kerekes, Laszlo Fulop"]
[Black "Szuhorukov, Viktor"]
[Result "1-0"]
[ECO "C00"]
[WhiteElo "1369"]
[BlackElo "1213"]
[Annotator "NA RC"]
[PlyCount "59"]
[EventDate "2019.10.26"]
[EventType "team-tourn"]
[EventCountry "HUN"]
[SourceTitle "playchess.com"]
[Source "ChessBase"]
[SourceQuality "1"]
[TimeControl "5400+30"]

1. e4 e6 2. d3 d5 3. Nd2 c5 4. Ngf3 Nc6 5. g3 Nf6 6. Bg2 Be7 7. O-O O-O 8. e5 Nd7 9. Re1 Qc7 10. Qe2 Rd8 11. Nf1 b6 12. h4 h6 13. N1h2 d4 14. h5 Bb7 15. Ng4 a5 16. Nh4 Bxh4 17. gxh4 Rab8 18. Nxh6+ gxh6 19. Qg4+ Kh8 20. Qf4 Ncxe5 21. Qxh6+ Kg8 22. Qg5+ Kf8 23. h6 Ng6 24. h5 Nh8 25. Qg7+ Ke7 26. Bg5+ Kd6 27. Bf4+ e5 28. Bxe5+ Nxe5 29. Qf6+ Kd7 30. Bh3+ 1-0

[Event "HUN-chT Youth 2019"]
[Site "Budapest"]
[Date "2019.10.29"]
[Round "6.5"]
[White "Giang, Tran Nam"]
[Black "Kiss, Rebeka"]
[Result "1/2-1/2"]
[ECO "C88"]
[WhiteElo "2028"]
[BlackElo "1743"]
[Annotator "NA RC"]
[PlyCount "94"]
[EventDate "2019.10.26"]
[EventType "team-tourn"]
[EventCountry "HUN"]
[SourceTitle "playchess.com"]
[Source "ChessBase"]
[SourceQuality "1"]
[TimeControl "5400+30"]

1. e4 e5 2. Nf3 Nc6 3. Bb5 a6 4. Ba4 Nf6 5. O-O Be7 6. Re1 b5 7. Bb3 O-O 8. d4 d6 9. c3 Na5 10. Bc2 {[%emt 0:00:42] C91: Closed Ruy Lopez: 7...d6 8 c3 0-0 9 d4} Bg4 (10... c5 11. Nbd2 Qc7 12. h3 cxd4 13. cxd4 Nc6 14. Nb3 a5 15. Be3 a4 16. Nbd2 Bd7 17. Nf1 Rac8 18. Rc1 Qb8 19. Ng3 Rc7 20. Qd2 Rfc8 21. Bb1 Bd8 22. dxe5 Nxe5 23. Nxe5 Rxc1 24. Rxc1 Rxc1+ 25. Qxc1 dxe5 {1-0 (79) Kosintseva,T (2539)-Zhao,X (2544) Sochi 2009}) 11. dxe5 Bxf3 12. Qxf3 dxe5 13. Nd2 Qd7 14. Nf1 $146 ({Predecessor:} 14. h3 c6 15. Nf1 Nc4 16. Rd1 Qc7 17. Ng3 {½-½ (46) Floricelovic,M (2067)-Lukic,L (1757) Paracin 2014}) 14... Qg4 15. Qxg4 Nxg4 16. h3 Nf6 17. Bg5 Rfe8 18. Ne3 g6 19. Rad1 c6 20. b4 Nb7 21. Bxf6 Bxf6 22. Rd7 Nd8 23. Red1 h5 24. Kf1 Kf8 25. Ke2 Kg7 (25... a5 $11) 26. Nf1 ({White should try} 26. Bb3 $16) 26... a5 27. Bb3 (27. bxa5 $11 Rxa5 28. Bb3) 27... a4 28. Bc2 Rc8 29. Ne3 Ne6 30. g3 Be7 31. Rb7 Rc7 32. Rxc7 Nxc7 33. f4 (33. Rd7 $5 Ne6 34. Bd3 $11) 33... exf4 34. gxf4 Ne6 35. Kf3 Rd8 36. Rxd8 Nxd8 37. e5 Kf8 38. Be4 Ke8 39. f5 g5 $2 (39... gxf5 $14 40. Nxf5 Bg5) 40. f6 Bf8 {[%emt 0:00:06] [#]} 41. Nf5 $1 Kd7 {[%emt 0:01:06] [#]} 42. Ng7 $1 a3 43. Nxh5 $2 ({White should try} 43. Bf5+ $18 Kc7 44. Nxh5) 43... Ke6 44. Ke3 Kxe5 45. Bf3 $11 c5 46. bxc5 Bxc5+ 47. Kd3 Bf8 {[%emt 0:00:45] Ke4+} 1/2-1/2

[Event "HUN-chT Youth 2019"]
[Site "Budapest"]
[Date "2019.10.29"]
[Round "6.6"]
[White "Farkas, Virag"]
[Black "Toth, Kincso"]
[Result "0-1"]
[ECO "D00"]
[WhiteElo "1506"]
[BlackElo "1556"]
[Annotator "NA RC"]
[PlyCount "54"]
[EventDate "2019.10.26"]
[EventType "team-tourn"]
[EventCountry "HUN"]
[SourceTitle "playchess.com"]
[Source "ChessBase"]
[SourceQuality "1"]
[TimeControl "5400+30"]

1. d4 d5 2. Bf4 Nf6 3. e3 c5 4. c3 Nc6 5. Bd3 Qb6 6. Qc1 cxd4 7. exd4 Nh5 8. Be3 Bd7 9. Nd2 Rc8 10. Ngf3 e6 11. Rb1 Bd6 12. Nb3 Nb4 13. Bc2 Nxa2 14. Qd1 Qc7 15. Bd2 Nb4 16. cxb4 Qxc2 17. Qxc2 Rxc2 18. Bc3 Nf4 19. Rd1 Nxg2+ 20. Kf1 Nf4 21. Nfd2 Bb5+ 22. Kg1 Ne2+ 23. Kg2 Nxc3 24. bxc3 Rxc3 25. Nc5 Bxc5 26. bxc5 Ke7 27. Nf3 Be2 0-1

[Event "HUN-chT Youth 2019"]
[Site "Budapest"]
[Date "2019.10.29"]
[Round "6.7"]
[White "Szabo, Marton Nandor"]
[Black "Markus, Molli Amina"]
[Result "1/2-1/2"]
[ECO "A49"]
[WhiteElo "1803"]
[BlackElo "1614"]
[Annotator "NA RC"]
[PlyCount "47"]
[EventDate "2019.10.26"]
[EventType "team-tourn"]
[EventCountry "HUN"]
[SourceTitle "playchess.com"]
[Source "ChessBase"]
[SourceQuality "1"]
[TimeControl "5400+30"]

1. d4 Nf6 2. Nf3 g6 3. g3 Bg7 4. Bg2 O-O 5. O-O d6 6. c4 Nbd7 7. Qd3 e5 8. Nc3 exd4 9. Nxd4 Ne5 10. Qc2 a6 11. b3 Rb8 12. Bb2 Bd7 13. a4 Nc6 14. Nxc6 Bxc6 15. e4 Re8 16. Rfe1 Qc8 17. Rac1 Bd7 18. Nd5 Nxd5 19. Bxg7 Kxg7 20. cxd5 c6 21. Qc3+ f6 22. Qb4 Qc7 23. dxc6 bxc6 24. Qc4 1/2-1/2

[Event "HUN-chT Youth 2019"]
[Site "Budapest"]
[Date "2019.10.28"]
[Round "6.9"]
[White "Csernyik, Mark"]
[Black "Puskas, Mihaly"]
[Result "*"]
[ECO "C50"]
[WhiteElo "1749"]
[BlackElo "1480"]
[Annotator "NA RC"]
[PlyCount "21"]
[EventDate "2019.10.26"]
[EventType "team-tourn"]
[EventCountry "HUN"]
[SourceTitle "playchess.com"]
[Source "ChessBase"]
[SourceQuality "1"]
[TimeControl "5400+30"]

1. e4 e5 2. Nf3 Nc6 3. Bc4 Bc5 4. O-O d6 5. c3 Bg4 6. d3 Qd7 7. Be3 Bb6 8. Nbd2 O-O-O 9. b4 f5 10. h3 Bh5 11. Qb3 *

[Event "HUN-chT Youth 2019"]
[Site "Budapest"]
[Date "2019.10.29"]
[Round "6.10"]
[White "Kiss, Eniko"]
[Black "Toth, Nikoletta"]
[Result "1/2-1/2"]
[ECO "A11"]
[WhiteElo "1703"]
[BlackElo "1965"]
[Annotator "NA RC"]
[PlyCount "53"]
[EventDate "2019.10.26"]
[EventType "team-tourn"]
[EventCountry "HUN"]
[SourceTitle "playchess.com"]
[Source "ChessBase"]
[SourceQuality "1"]
[TimeControl "5400+30"]

1. c4 c6 2. e4 e5 3. d4 Bb4+ 4. Bd2 Qe7 5. d5 cxd5 6. cxd5 Nf6 7. a3 Bxd2+ 8. Nxd2 O-O 9. Ngf3 d6 10. Bd3 Bg4 11. O-O Nbd7 12. b4 Nh5 13. h3 Bxf3 14. Qxf3 Nf4 15. Rac1 Nb6 16. Rc3 Rac8 17. Rfc1 Rxc3 18. Rxc3 Rc8 19. Bf1 Qd7 20. Qe3 h6 21. Nb3 Ng6 22. Qc1 Ne7 23. Rxc8+ Nexc8 24. g3 Ne7 25. Kh2 Kh8 26. Be2 f5 $11 27. f3 1/2-1/2

[Event "HUN-chT Youth 2019"]
[Site "Budapest"]
[Date "2019.10.29"]
[Round "6.11"]
[White "Bernath, Bence"]
[Black "Ivan, Reka Gyongyver"]
[Result "1-0"]
[ECO "B12"]
[WhiteElo "2004"]
[BlackElo "1686"]
[Annotator "NA RC"]
[PlyCount "63"]
[EventDate "2019.10.26"]
[EventType "team-tourn"]
[EventCountry "HUN"]
[SourceTitle "playchess.com"]
[Source "ChessBase"]
[SourceQuality "1"]
[TimeControl "5400+30"]

1. e4 c6 2. d4 d5 3. e5 Bf5 4. h4 h5 5. Bd3 Bxd3 6. Qxd3 e6 7. Bg5 {[%emt 0:00:30] B12: Caro-Kann: Advance Variation} Be7 8. Nf3 Nd7 (8... Nh6 9. Nbd2 Nf5 10. Nf1 Qa5+ 11. c3 Qa6 12. Qd2 Nd7 13. Ng3 Nxg3 14. fxg3 f6 {½-½ (72) Inarkiev,E (2693)-Tomashevsky,E (2705) St Petersburg 2018}) 9. Nbd2 Qb6 10. c4 Qa6 11. Qb3 $146 ({Predecessor:} 11. b3 Nh6 12. Bxe7 Kxe7 13. Qc3 Qb6 14. O-O Nf5 {1-0 (34) Antal,G (2522)-Bopp,T (2154) Caleta 2018}) 11... Rc8 12. Rc1 Nb6 13. O-O Bd8 14. cxd5 Nxd5 15. Bxd8 Rxd8 16. Ne4 Nf4 17. Kh2 Nh6 18. Nd6+ Rxd6 19. exd6 Ng4+ 20. Kh1 Nd3 21. Rc2 Nb4 {[%emt 0:14:51] [#]} ({Black should try} 21... Nc5 $1 $14 22. Qc4 Qxc4 23. Rxc4 Ne4) 22. Rc4 $1 Nd5 23. Ne5 Ngf6 (23... Nb6 {is a better defense.}) 24. Kg1 Nf4 $2 (24... Nb6 25. Rc2 Qa4 26. Qxa4 Nxa4) 25. g3 N4d5 {[%emt 0:03:04] [#]} 26. Rxc6 $1 b6 {[%emt 0:03:19] [#]} 27. Rfc1 (27. Qb5 $142 $1 O-O (27... Qxb5 28. Rc8#) 28. Qxa6) 27... O-O 28. Qc4 Qb7 29. Rc8 Rxc8 30. Qxc8+ Qxc8 31. Rxc8+ $18 Kh7 32. d7 1-0

[Event "HUN-chT Youth 2019"]
[Site "Budapest"]
[Date "2019.10.29"]
[Round "6.12"]
[White "Kiraly, Lilla Virag"]
[Black "Buri, Kata"]
[Result "0-1"]
[ECO "B25"]
[WhiteElo "1450"]
[BlackElo "1646"]
[Annotator "NA RC"]
[PlyCount "94"]
[EventDate "2019.10.26"]
[EventType "team-tourn"]
[EventCountry "HUN"]
[SourceTitle "playchess.com"]
[Source "ChessBase"]
[SourceQuality "1"]
[TimeControl "5400+30"]

1. e4 c5 2. Nc3 Nc6 3. g3 g6 4. Bg2 Bg7 5. d3 d6 6. f4 Nf6 7. Be3 O-O 8. h3 Rb8 9. Nf3 Nd7 10. O-O b5 11. Qd2 Nd4 12. Rae1 a5 13. Nd1 Nxf3+ 14. Bxf3 Ba6 15. f5 Qc7 16. Bh6 d5 17. Kg2 d4 18. Nf2 Ne5 19. Ng4 Nxg4 20. Bxg4 c4 21. Bf4 Be5 22. Bxe5 Qxe5 23. Qxa5 Qd6 24. Qd2 Bb7 25. Kh2 Ra8 26. a3 gxf5 27. Rxf5 Kh8 28. Ref1 Rg8 29. Rxf7 h5 30. Bf5 Rxg3 31. Rf4 Rg7 32. Rxg7 Kxg7 33. Kh1 Rg8 34. Qg2+ Kh8 35. Qf3 Qh6 36. h4 e5 37. Be6 exf4 38. Bxg8 Kxg8 39. Kh2 Kg7 40. Qf2 Qf6 41. Qg2+ Qg6 42. Qf2 Qf6 43. Qg2+ Kf7 44. Qf2 f3 45. Kg1 Qf4 46. Kf1 Bc8 47. Kg1 Qe3 0-1

[Event "HUN-chT Youth 2019"]
[Site "Budapest"]
[Date "2019.10.28"]
[Round "6.13"]
[White "Megyeri, Martin"]
[Black "Palczert, Matyas"]
[Result "*"]
[ECO "A05"]
[WhiteElo "1611"]
[BlackElo "2009"]
[Annotator "NA RC"]
[PlyCount "20"]
[EventDate "2019.10.26"]
[EventType "team-tourn"]
[EventCountry "HUN"]
[SourceTitle "playchess.com"]
[Source "ChessBase"]
[SourceQuality "1"]
[TimeControl "5400+30"]

1. Nf3 Nf6 2. b3 e6 3. Bb2 d5 4. e3 Be7 5. Be2 O-O 6. O-O c5 7. d4 Nc6 8. Nbd2 b6 9. c4 Bb7 10. Rc1 Rc8 *

[Event "HUN-chT Youth 2019"]
[Site "Budapest"]
[Date "2019.10.28"]
[Round "6.14"]
[White "Hajdu, Marton Abris"]
[Black "Lehocz, Jozsef Jr."]
[Result "*"]
[ECO "B01"]
[WhiteElo "1818"]
[BlackElo "1447"]
[Annotator "NA RC"]
[PlyCount "24"]
[EventDate "2019.10.26"]
[EventType "team-tourn"]
[EventCountry "HUN"]
[SourceTitle "playchess.com"]
[Source "ChessBase"]
[SourceQuality "1"]
[TimeControl "5400+30"]

1. e4 d5 2. exd5 Qxd5 3. Nc3 Qd6 4. g3 c6 5. Bg2 Nf6 6. Nge2 Bf5 7. O-O e6 8. d4 Be7 9. Bf4 Qd8 10. Qd2 O-O 11. h3 Nbd7 12. Kh2 h5 *

[Event "HUN-chT Youth 2019"]
[Site "Budapest"]
[Date "2019.10.28"]
[Round "6.15"]
[White "Kellermann, Botond"]
[Black "Nagy, Botond"]
[Result "*"]
[ECO "D70"]
[WhiteElo "1274"]
[BlackElo "1281"]
[Annotator "NA RC"]
[PlyCount "28"]
[EventDate "2019.10.26"]
[EventType "team-tourn"]
[EventCountry "HUN"]
[SourceTitle "playchess.com"]
[Source "ChessBase"]
[SourceQuality "1"]
[TimeControl "5400+30"]

1. d4 d5 2. c4 c6 3. Nf3 Nf6 4. Nbd2 Bf5 5. e3 e6 6. Be2 Be7 7. O-O Nbd7 8. Qb3 Qc7 9. Bd3 Bg6 10. Re1 Qb6 11. Qxb6 Nxb6 12. Bxg6 hxg6 13. c5 Nbd7 14. b4 a5 *

[Event "HUN-chT Youth 2019"]
[Site "Budapest"]
[Date "2019.10.29"]
[Round "6.20"]
[White "Gyurika, Tamas"]
[Black "Czumbel, Peter"]
[Result "1-0"]
[ECO "B23"]
[WhiteElo "1920"]
[BlackElo "2021"]
[Annotator "NA RC"]
[PlyCount "35"]
[EventDate "2019.10.26"]
[EventType "team-tourn"]
[EventCountry "HUN"]
[SourceTitle "playchess.com"]
[Source "ChessBase"]
[SourceQuality "1"]
[TimeControl "5400+30"]

1. e4 c5 2. Nc3 Nc6 3. f4 g6 4. Nf3 Bg7 5. Bc4 e6 6. O-O Nge7 7. Qe1 a6 8. d3 b5 9. Bb3 O-O 10. f5 exf5 11. Qh4 Ne5 12. Bg5 Re8 13. Nd5 N5c6 14. Nf6+ Bxf6 15. Bxf6 h5 16. Qg5 Kh7 17. Bxf7 Rf8 18. Bxg6+ 1-0

[Event "HUN-chT Youth 2019"]
[Site "Budapest"]
[Date "2019.10.29"]
[Round "6.21"]
[White "Fodor, Kornel"]
[Black "Blahota, Marcell"]
[Result "1-0"]
[ECO "B18"]
[WhiteElo "1933"]
[BlackElo "1765"]
[Annotator "NA RC"]
[PlyCount "55"]
[EventDate "2019.10.26"]
[EventType "team-tourn"]
[EventCountry "HUN"]
[SourceTitle "playchess.com"]
[Source "ChessBase"]
[SourceQuality "1"]
[TimeControl "5400+30"]

1. e4 c6 2. d4 d5 3. Nc3 dxe4 4. Nxe4 Bf5 5. Ng3 Bg6 6. Nh3 e6 7. Nf4 Bd6 8. h4 Bxf4 {[%emt 0:06:31] B18: Classical Caro-Kann: 4...Bf5 sidelines} 9. Bxf4 h6 10. h5 Bh7 11. c3 Nf6 12. Bd3 Bxd3 13. Qxd3 {[%emt 0:00:07] [#]} Qe7 $146 ({Predecessor:} 13... O-O 14. O-O-O b5 15. f3 Nd5 16. Bd2 Nd7 {1-0 (41) Rozentalis,E (2604)-Postny,E (2654) Austria 2014}) 14. O-O-O Nbd7 15. c4 O-O-O 16. f3 Qb4 17. Ne4 Nxe4 18. fxe4 Qa4 (18... e5 $11 {keeps the balance.} 19. Bd2 (19. dxe5 Nc5 $11) 19... Qd6) 19. Kb1 b6 20. Qe2 Rhe8 21. Rh3 Kb7 22. Ra3 Qb4 23. c5 $1 b5 (23... Nb8 {is a better defense.} 24. Bd6 Qb5) 24. Bd2 (24. Rdd3 $18 Nxc5 25. dxc5) 24... Qxd4 $2 (24... Qc4 $16 {is more resistant.} 25. Qxc4 bxc4) 25. Ba5 $1 Qf6 26. Bxd8 $18 Rxd8 27. Rad3 Kc7 28. Qd2 1-0

[Event "HUN-chT Youth 2019"]
[Site "Budapest"]
[Date "2019.10.29"]
[Round "6.22"]
[White "Oros, Mikhailo"]
[Black "Forgacs, Andras"]
[Result "0-1"]
[ECO "A04"]
[WhiteElo "1704"]
[BlackElo "1882"]
[Annotator "NA RC"]
[PlyCount "54"]
[EventDate "2019.10.26"]
[EventType "team-tourn"]
[EventCountry "HUN"]
[SourceTitle "playchess.com"]
[Source "ChessBase"]
[SourceQuality "1"]
[TimeControl "5400+30"]

1. Nf3 b6 2. g3 Bb7 3. d4 e6 4. Bg2 c5 5. O-O Nf6 6. Bg5 {[%emt 0:03:57] A47: 1 d4 Nf6 2 Nf3 b6: Torre, London and Colle Systems} (6. dxc5 Bxc5 7. c4 d5 8. Nh4 Qc8 9. cxd5 Bxd5 10. Bxd5 Nxd5 11. e4 Ne7 12. b4 Bxb4 13. Qd4 Qc5 14. Qxg7 {½-½ (62) Naiditsch,A (2702)-Akobian,V (2633) Caleta 2017}) 6... Na6 7. c3 Be7 8. e3 O-O 9. Nbd2 Qc7 $146 ({Predecessor:} 9... Ne4 10. Nxe4 Bxe4 11. Bxe7 Qxe7 12. Qa4 Nc7 13. dxc5 Bc6 14. Qf4 Nd5 15. Qd6 bxc5 16. Qxe7 Nxe7 {0-1 (60) Lakat,G (2014)-Pali,G (2127) Budapest 2004}) 10. Rc1 d6 11. Re1 Ne4 12. Nxe4 Bxe4 13. Bxe7 Qxe7 14. Qd2 Qb7 15. Nh4 Bxg2 16. Nxg2 Rfc8 17. Red1 c4 18. b3 cxb3 19. axb3 Nc7 20. c4 a5 21. Qa2 Na6 22. Nf4 Nb4 23. Qa3 Qe4 24. Rc3 $11 b5 25. Rdc1 g5 26. Ne2 Nd3 27. R1c2 b4 0-1

[Event "HUN-chT Youth 2019"]
[Site "Budapest"]
[Date "2019.10.29"]
[Round "6.26"]
[White "Csajbok, Levente Tamas"]
[Black "Demjen, Mark"]
[Result "0-1"]
[ECO "C95"]
[WhiteElo "1820"]
[BlackElo "1902"]
[Annotator "NA RC"]
[PlyCount "62"]
[EventDate "2019.10.26"]
[EventType "team-tourn"]
[EventCountry "HUN"]
[SourceTitle "playchess.com"]
[Source "ChessBase"]
[SourceQuality "1"]
[TimeControl "5400+30"]

1. e4 e5 2. Nf3 Nc6 3. Bb5 a6 4. Ba4 Nf6 5. O-O Be7 6. Re1 b5 7. Bb3 O-O 8. h3 d6 9. c3 Nb8 10. d4 Nbd7 11. Nbd2 Bb7 12. Bc2 Re8 13. Nf1 Bf8 14. Ng3 g6 15. Bd2 Bg7 16. Qc1 {[%emt 0:00:46] C95: Closed Ruy Lopez: Breyer Variation with 10 d4} exd4 (16... d5 17. Nxe5 Nxe5 18. dxe5 Nxe4 19. Nxe4 dxe4 20. Bxe4 Bxe4 21. Rxe4 Qd5 22. Qc2 Rxe5 23. Rae1 Rae8 24. Rxe5 Rxe5 25. Rxe5 Bxe5 {½-½ (41) Antipov,M (2582)-Jumabayev,R (2603) Bastia 2017}) 17. cxd4 c5 18. d5 c4 $146 ({Predecessor:} 18... Ne5 19. Nxe5 Rxe5 20. Bf4 Re8 21. Qd2 Nd7 22. Bxd6 Bxb2 23. Rab1 Qf6 {½-½ (58) Semjonovs,I (2245)-Veiga,J (2305) Konya 2018}) 19. Bh6 Bh8 20. Qd2 Rc8 21. Rac1 Nc5 22. Nd4 Nfd7 23. b4 Nd3 24. Bxd3 Bxd4 25. Bxc4 Qh4 (25... Qf6 $11 {remains equal.} 26. e5 Bxe5) 26. Qxd4 $4 (26. Be2 $16 {and life is bright.}) 26... Qxh6 27. Qa7 Rc7 {[%emt 0:01:42] Pin} ({Not} 27... Rxc4 28. Rxc4 bxc4 29. Qxb7 $14) 28. Rb1 bxc4 29. b5 axb5 30. Rxb5 (30. Qa5 $142 Rec8 31. Qxb5) 30... Ra8 31. Qd4 Qg7 $19 0-1

[Event "HUN-chT Youth 2019"]
[Site "Budapest"]
[Date "2019.10.29"]
[Round "6.27"]
[White "Kocsis, Peter"]
[Black "Szivak, Andras"]
[Result "1/2-1/2"]
[ECO "A05"]
[WhiteElo "1929"]
[BlackElo "1730"]
[Annotator "NA RC"]
[PlyCount "78"]
[EventDate "2019.10.26"]
[EventType "team-tourn"]
[EventCountry "HUN"]
[SourceTitle "playchess.com"]
[Source "ChessBase"]
[SourceQuality "1"]
[TimeControl "5400+30"]

1. Nf3 Nf6 2. b3 d5 3. Bb2 e6 4. e3 Be7 5. d4 O-O 6. Bd3 Nbd7 7. O-O {[%emt 0:00:30] D05: Colle System with ...e6} c5 8. Nbd2 b6 9. Rc1 (9. Qe2 Bb7 10. Rfd1 Rc8 11. c4 Qc7 12. Rac1 Qb8 13. cxd5 Nxd5 14. Bb5 N7f6 15. dxc5 Bxc5 {½-½ (23) Morovic Fernandez,I (2550)-Xu,Y (2444) Moscow 2017}) 9... Bb7 10. Ne5 Qc7 11. c4 Bd6 12. f4 $146 ({Predecessor:} 12. Ndf3 Rfd8 13. cxd5 Bxd5 14. Qe2 h6 15. e4 Bb7 16. b4 Qb8 17. Nxd7 Nxd7 {½-½ (50) Guo,W (1882)-Wang,Y (1585) Zibo 2017}) 12... Ne4 13. Nxe4 dxe4 14. Bb1 Rad8 15. Qe2 f6 16. dxc5 Bxc5 17. Ng4 f5 18. Ne5 Nxe5 19. Bxe5 Bd6 20. Bb2 Bb4 21. Rcd1 Rxd1 22. Rxd1 Rd8 23. a3 Be7 24. Rd2 Rxd2 25. Qxd2 Qd6 26. Qxd6 Bxd6 27. b4 Kf7 28. Kf2 g6 29. g3 Be7 30. Bd4 Bf6 31. Ba2 Ke7 32. h4 Bc6 33. Bb3 Bxd4 34. exd4 b5 35. c5 Bd5 36. Bxd5 exd5 37. Kg2 h5 38. Kf2 Kd7 $11 39. Ke1 Kc6 1/2-1/2